 Dungeon Crawl Stone Soup version 0.29-a0-817-g9904bce7a6 (webtiles) character file.

Game seed: 2960584730755235797

69 indigestion the Shield-Bearer (level 3, -2/31 HPs)
             Began as a Demigod Fighter on July 5, 2022.
             Slain by a goblin
             ... wielding the +4 whip of False Hope {speed, Int+2 Dex+3}
              (6 damage)
             ... on level 2 of the Dungeon.
             The game lasted 00:02:46 (1993 turns).

indigestion the Shield-Bearer (Demigod Fighter)     Turns: 1993, Time: 00:02:47

Health: -2/31      AC:  8    Str: 21    XL:     3   Next: 75%
Magic:  5/5        EV:  9    Int: 10    God:
Gold:   91         SH:  0    Dex: 13    Spells: 2/2 levels left

rFire   . . .      SeeInvis .   a - +0 war axe
rCold   . . .      Faith    .   g - orb {mayhem}
rNeg    . . .      Spirit   .   b - +0 scale mail
rPois   .          Reflect  .   p - +0 helmet
rElec   .          Harm     .   (no cloak)
rCorr   .          Rampage  .   (no gloves)
Will    .....                   (no boots)
Stlth   ..........              (no amulet)
HPRegen 0.10/turn               (no ring)
MPRegen 0.09/turn               (no ring)

@: no status effects
A: high MP 1, forlorn, divine attributes
a: no special abilities


You were on level 2 of the Dungeon.
You visited 1 branch of the dungeon, and saw 2 of its levels.

You collected 91 gold pieces.

Inventory:

Hand Weapons
 a - a +0 war axe (weapon)
 q - a +2 vampiric short sword
Armour
 b - a +0 scale mail (worn)
 c - a +0 buckler
 g - an orb of mayhem (worn)
 j - a +0 ring mail
 p - a +0 helmet (worn)
Jewellery
 k - an amulet of guardian spirit
Scrolls
 f - 3 scrolls of identify {unknown}
 h - a scroll of blinking {unknown}
 l - 3 scrolls of teleportation {unknown}
 m - a scroll of immolation {unknown}
 o - a scroll of fear {unknown}
Potions
 d - a potion of might
 e - a potion of heal wounds {unknown}
 i - a potion of ambrosia {unknown}
 n - a potion of lignification {unknown}


   Skills:
 + Level 3.2 Fighting
 + Level 2.5 Axes
 + Level 3.2 Armour
 + Level 3.2 Shields


You had 2 spell levels left.
You didn't know any spells.
Your spell library contained the following spells:

 Spells                   Type           Power      Damage    Failure   Level
 Summon Forest            Summ/Tloc      0%         N/A       100%        5
 Summon Mana Viper        Hex/Summ       0%         N/A       100%        5
 Summon Cactus Giant      Summ           0%         N/A       100%        6


Dungeon Overview and Level Annotations

Branches:
Dungeon (2/15)


Innate Abilities, Weirdness & Mutations

You have an increased reservoir of magic. (+10% MP)
You shall have no god before yourself.
Your divine heritage dramatically boosts your attributes as you level up.


Message History

You kill the kobold!
No target in view!
No target in view!
A goblin comes into view.
It is wielding the +4 whip of False Hope {speed, Int+2 Dex+3}.
The goblin shouts!
Things that are here:
a +2 vampiric short sword; a stone; a kobold corpse
Found a ring mail.
Things that are here:
a +0 dagger; a goblin corpse
Things that are here:
a +2 vampiric short sword; a stone; a kobold corpse
q - a +2 vampiric short sword The goblin closely misses you.
Things that are here:
a +0 dagger; a goblin corpse You closely miss the goblin.
The goblin hits you with the +4 whip of False Hope {speed, Int+2 Dex+3}.
The goblin hits you but does no damage.
You barely miss the goblin.
The goblin hits you with the +4 whip of False Hope {speed, Int+2 Dex+3}.
The goblin hits you with the +4 whip of False Hope {speed, Int+2 Dex+3}!
You barely miss the goblin. The goblin hits you but does no damage.
The goblin hits you with the +4 whip of False Hope {speed, Int+2 Dex+3}.
* * * LOW HITPOINT WARNING * * *
You closely miss the goblin.
The goblin hits you with the +4 whip of False Hope {speed, Int+2 Dex+3}.
* * * LOW HITPOINT WARNING * * *
The goblin completely misses you.
The goblin drinks a potion.
The goblin seems to speed up.
Things that are here:
a stone; a kobold corpse The goblin hits you with the +4 whip of False Hope {speed, Int+2 Dex+3}.
* * * LOW HITPOINT WARNING * * *
The goblin closely misses you.
Things that are here:
a +0 dagger; a goblin corpse The goblin attacks as you move away!
The goblin hits you with the +4 whip of False Hope {speed, Int+2 Dex+3}.
You die...

####### ######....#
#...... ..........
#.##### .......... #.#
......... #######.#####
[........ .............
........# #######.#####
........##########.#####
......g@(.............>.
........##########.#####
.######## #.#####
#...... ####### ### #..


You could see a goblin (fast).

Vanquished Creatures
  A gnoll (D:1)
  2 adders (D:2)
  3 dart slugs (D:1)
  3 ball pythons
  3 bats
  6 endoplasms (D:1)
  2 giant cockroaches (D:1)
  A hobgoblin (D:1)
  7 kobolds
  2 frilled lizards (D:1)
  4 goblins
  A rat (D:2)
35 creatures vanquished.

Vanquished Creatures (collateral kills)
  A goblin (D:2)
1 creature vanquished.

Vanquished Creatures (others)
  A plant (D:1)
1 creature vanquished.

Grand Total: 37 creatures vanquished

Notes
Turn   | Place    | Note
-------+----------+-------------------------------------------
     0 | D:1      | indigestion the Demigod Fighter began the quest for the
                  | Orb.
     0 | D:1      | Reached XP level 1. HP: 18/18 MP: 3/3
   437 | D:1      | Reached XP level 2. HP: 21/25 MP: 4/4
   973 | D:1      | Reached XP level 3. HP: 12/31 MP: 5/5
  1981 | D:2      | Identified the +4 whip of False Hope {speed, Int+2 Dex+3}
  1993 | D:2      | Slain by a goblin

Illustrated notes

Levels and vault maps discovered:
D:1:      lightli_arrival_windingriver, layout_basic, minmay_misc_feat_five,
          supply_closet_lemuel, nrook_mini_backslash, nicolae_grassy_gnolls
D:2:      layout_basic, basic_altar

Skill      XL: |  1  2 |
---------------+-------+-----
Axes           | 2 |  2.5
Shields        | 3 |  3.2
Fighting       | 3 |  3.2
Armour         | 3 |  3.2

Action                   || total
-------------------------++-------
Melee: War axe           ||    81
Armor: Scale mail        ||    48
Dodge: Dodged            ||    43
Block: Buckler           ||     3

Table legend: (Time is in decaauts)
 A = Elapsed time spent in this place.
 B = Non-inter-level travel time spent in this place.
 C = Inter-level travel time spent in this place.
 D = Time resting spent in this place.
 E = Time spent auto-exploring this place.
 F = Levels seen in this place.
 G = Mean time per level.
                   A        B        C        D        E       F      G
               +--------+--------+--------+--------+--------+-----+--------+
         Total |   2026 |   1993 |     33 |    310 |   1429 |   2 | 1013.0 |
       Dungeon |   2026 |   1993 |     33 |    310 |   1429 |   2 | 1013.0 |
               +--------+--------+--------+--------+--------+-----+--------+

Top non-repeatable levels by time:
     D:1: 1599 daAuts
     D:2: 426 daAuts
